Map: Tokamak LE

Players

Etherodox - Winner!

  • Race: Terran Terran
  • League: Master
  • Spawn Location: 7:00

amari

  • Race: Zerg Zerg
  • League: Platinum
  • Spawn Location: 1:00

VOD

Have the link to the VOD?

Description

Time

  • Played on: Sept. 6, 2025, 3:58 p.m.
  • Length: 14:53
Show
View Real Time Build Order
Export as new Build Order

Etherodox Terran - Winner!

Build Orders: Reaper Expand 

Get SALT Encoding   

  12  0:03  SCV  
  13  0:15  SCV  
  13  0:18  Supply Depot  
  14  0:27  SCV  
  15  0:41  Barracks  
  15  0:42  Refinery  
  15  0:45  SCV  
  16  0:57  SCV  
  17  1:09  SCV  
  17  1:21  SCV  
  18  1:35  Command Center  
  18  1:37  Reaper  
  19  1:46  Orbital Command  
  19  1:59  Supply Depot  
  19  2:08  Marine  
  19  2:09  Factory  
  20  2:16  SCV  
  21  2:28  SCV  
  22  2:34  Barracks Reactor  
  22  2:35  Barracks  
  22  2:40  SCV  
  23  2:53  SCV  
  24  3:05  SCV  
  25  3:11  Orbital Command  
  25  3:17  SCV  
  26  3:21  Refinery  
  26  3:22  Hellion x2, Barracks Tech Lab  
  26  3:24  Barracks Tech Lab  
  30  3:29  SCV  
  30  3:34  Supply Depot  
  32  3:41  SCV  
  32  3:45  Starport  
  32  3:53  SCV  
  33  3:59  Stimpack  
  33  4:01  Hellion x2  
  37  4:05  SCV  
  37  4:07  Marine  
  39  4:13  SCV  
  40  4:17  SCV  
  40  4:21  Supply Depot  
  40  4:22  Supply Depot  
  41  4:25  SCV  
  41  4:26  Liberator  
  41  4:29  SCV  
  46  4:34  Marauder  
  46  4:35  Widow Mine  
  46  4:37  SCV  
  46  4:38  Widow Mine  
  53  4:41  SCV  
  54  5:08  SCV x2  
  56  5:15  Command Center  
  56  5:19  Widow Mine, Supply Depot  
  56  5:20  Supply Depot, SCV x2  
  56  5:21  Marauder  
  65  5:23  Starport Reactor  
  62  5:33  Combat Shield  
  62  5:35  Factory  
  62  5:36  Marine  
  63  5:46  Widow Mine x2  
  63  5:49  SCV x2  
  69  5:50  Barracks Reactor  
  69  5:54  Marine  
  70  6:01  SCV x2  
  72  6:12  Marine  
  72  6:13  SCV  
  74  6:29  Marine  
  72  6:46  Marine x2  
  74  6:47  Marine  
  74  6:53  Factory Tech Lab  
  68  6:58  Liberator x2  
  69  7:04  Marine x2  
  69  7:06  Marauder  
  72  7:13  SCV x2  
  72  7:17  Refinery  
  72  7:18  Refinery  
  72  7:22  Siege Tank  
  75  7:24  Widow Mine, Marine x2  
  75  7:25  SCV x2  
  75  7:26  Marine  
  82  7:33  Orbital Command  
  82  7:35  Refinery  
  82  7:37  SCV x2  
  82  7:38  Armory  
  82  7:40  Armory  
  82  7:42  Viking, Marine x2  
  82  7:43  Engineering Bay  
  88  7:44  Marine  
  88  7:47  Refinery  
  88  7:49  SCV  
  88  7:50  SCV  
  91  7:52  Command Center  
  91  8:00  Marine x2, Liberator  
  91  8:01  SCV  
  91  8:02  SCV  
  98  8:14  SCV x2  
  98  8:16  Supply Depot x4  
  98  8:17  Supply Depot  
  100  8:20  Supply Depot  
  100  8:26  SCV  
  101  8:27  Refinery  
  101  8:28  Command Center  
  101  8:30  Terran Vehicle Weapons Level 1, Terran Vehicle And Ship Armor Level 1  
  101  8:35  Refinery  
  101  8:36  Terran Infantry Weapons Level 1, Supply Depot  
  101  8:37  SCV x2  
  101  8:38  SCV  
  101  8:39  Supply Depot  
  104  8:43  Marine x3  
  107  8:49  SCV x2  
  107  8:50  SCV  
  107  8:51  Siege Tank  
  113  9:02  Factory  
  113  9:04  Factory  
  113  9:05  Factory  
  110  9:13  Marauder, Siege Tank  
  115  9:23  Marine  
  115  9:24  Widow Mine  
  118  9:25  Medivac x2  
  118  9:27  SCV x2  
  118  9:28  SCV  
  122  9:33  Supply Depot  
  122  9:39  SCV  
  122  9:40  SCV x2  
  122  9:44  Planetary Fortress  
  122  9:45  Siege Tank, Hellbat  
  127  9:49  Marine  
  127  9:50  Marine x2  
  133  9:54  Factory Tech Lab x3  
  133  10:07  Marine, Command Center  
  133  10:08  Marine  
  133  10:09  Medivac x2  
  139  10:24  Siege Tank x3, Widow Mine x2  
  152  10:40  Marauder  
  152  10:42  Viking x2  
  156  10:44  Refinery  
  156  10:45  Siege Tank  
  156  10:48  Refinery  
  161  10:50  Widow Mine  
  161  10:56  Siege Tank  
  161  10:57  Siege Tank, Widow Mine  
  159  11:20  Siege Tank x3  
  161  11:29  Hellbat, Widow Mine  
  165  11:42  Viking x2  
  165  11:44  Marauder, Marine x2  
  173  11:50  Siege Tank, Widow Mine  
  173  11:52  SCV x4  
  182  11:57  Siege Tank x2  
  182  11:58  Siege Tank  
  191  12:02  Marine  
  191  12:04  SCV x2  
  169  12:37  Siege Tank x2  
  169  12:38  Marine x2  
  176  12:55  Marine  
  168  13:10  Siege Tank x4  
  168  13:11  Viking  
  183  13:14  Viking  
  183  13:15  Marine x3  
  183  13:19  SCV x2  
  189  13:20  SCV  
  189  13:22  SCV  
  190  13:28  Orbital Command  
  190  13:31  SCV x2  
  190  13:32  SCV  
  190  13:33  Marine x2  
  195  13:45  Viking, Orbital Command, Marine  
  192  13:51  Marine x2  
  189  14:02  Marine  
  189  14:09  Marine x2  
  192  14:23  Refinery  
  192  14:24  Refinery  
Show
View Real Time Build Order
Export as new Build Order

amari Zerg 

Build Orders: Hatch First 

Get SALT Encoding   

  12  0:09  Drone x2  
  14  0:26  Extractor  
  13  0:29  Drone  
  13  0:31  Overlord  
  15  0:46  Hatchery  
  14  0:51  Drone  
  14  0:53  Drone  
  16  1:04  Drone  
  17  1:18  Drone  
  17  1:23  Spawning Pool  
  17  1:30  Extractor  
  17  1:31  Drone  
  17  1:38  Drone  
  18  1:46  Drone  
  19  1:56  Overlord  
  19  2:10  Queen  
  19  2:11  Queen  
  19  2:12  Zergling x2  
  19  2:13  Drone x2  
  26  2:37  Hatchery  
  25  2:51  Zergling x4, Drone  
  27  2:52  Drone x3  
  31  3:07  Queen  
  31  3:10  Metabolic Boost  
  33  3:13  Drone x3  
  36  3:30  Overlord x3  
  36  3:48  Queen  
  38  3:52  Drone x6  
  38  3:53  Overlord, Drone x2  
  45  4:06  Evolution Chamber  
  45  4:09  Evolution Chamber  
  43  4:12  Spine Crawler  
  42  4:39  Queen, Spine Crawler  
  42  4:41  Drone x5  
  42  4:42  Overlord x3, Drone  
  42  4:43  Drone x4  
  53  4:49  Extractor  
  50  5:17  Spore Crawler, Extractor  
  50  5:21  Lair  
  48  5:23  Roach Warren  
  48  5:27  Spore Crawler, Drone  
  48  5:28  Drone x8  
  55  5:50  Zergling x10  
  60  6:05  Roach x7  
  74  6:20  Overseer  
  74  6:21  Overseer  
  70  6:34  Roach  
  70  6:35  Roach x4  
  77  6:54  Roach x2, Overseer  
  76  7:17  Overseer  
  76  7:20  Drone x12  
  88  7:23  Extractor  
  87  7:52  Hatchery  
  87  7:55  Glial Reconstitution  
  87  7:56  Hydralisk Den, Hatchery  
  84  8:18  Overseer  
  84  8:19  Overlord x4  
  84  8:20  Overlord  
  84  8:22  Roach x2  
  84  8:24  Overseer  
  88  8:43  Drone  
  88  8:44  Queen, Drone x11  
  88  8:46  Queen  
  104  8:49  Zerg Melee Weapons Level 1  
  104  8:50  Zerg Missile Weapons Level 1  
  102  8:57  Hydralisk  
  102  8:58  Hydralisk x2  
  108  9:06  Spore Crawler  
  107  9:19  Spore Crawler  
  107  9:23  Queen x2  
  105  9:24  Grooved Spines  
  105  9:27  Overseer  
  103  9:41  Hydralisk x4  
  103  9:43  Zergling x2  
  103  9:44  Zergling x28  
  126  10:02  Hatchery  
  125  10:14  Muscular Augments  
  125  10:16  Nydus Network  
  124  10:39  Ravager  
  124  10:40  Ravager x4  
  124  10:42  Zergling x2  
  130  10:43  Zergling x22  
  141  11:00  Extractor  
  141  11:01  Extractor  
  141  11:02  Drone x2  
  141  11:04  Overlord x2  
  141  11:05  Overlord x3  
  98  11:34  Overlord  
  98  11:35  Overlord x3  
  98  11:36  Roach x3  
  98  11:37  Roach x12  
  128  11:45  Nydus Canal  
  128  11:49  Roach x3  
  128  11:50  Roach x4  
  142  11:54  Baneling Nest  
  141  12:23  Roach x4  
  141  12:24  Roach x12  
  154  12:30  Ravager x4  
  137  12:53  Zergling x16  
  121  13:00  Zergling x6  
  78  13:17  Zergling x2  
  78  13:18  Zergling x10  
  77  13:36  Zergling x6  
  69  13:53  Roach  
  69  13:54  Roach x5  
  75  13:59  Baneling  
  75  14:00  Baneling x7  
  71  14:13  Roach  
  71  14:14  Roach x4  
  69  14:25  Roach  
  69  14:30  Roach  
Tags
 
Add a new tag
Caveats
  • Supply blocks, unpowered buildings, or Contaminate may cause inaccurate times.
  • Supply counts are checked every 10 seconds.